 Dungeon Crawl Stone Soup version 0.28.0-53-g5a82cb258f (webtiles) character file.

Game seed: 12482875525196028842

115 mrburnz the Cudgeller (level 4, 0/42 HPs)
             Began as a Minotaur Berserker on May 21, 2022.
             Was a Believer of Trog.
             Slain by an orc
             ... wielding a +0 trident
              (2 damage)
             ... on level 3 of the Dungeon.
             The game lasted 00:06:59 (2411 turns).

mrburnz the Cudgeller (Minotaur Berserker)          Turns: 2411, Time: 00:07:00

Health: 0/42       AC:  5    Str: 23    XL:     4   Next: 68%
Magic:  12/12      EV: 11    Int:  4    God:    Trog [**....]
Gold:   161        SH:  0    Dex: 10    Spells: 3/3 levels left

rFire   . . .      SeeInvis .   a - +0 mace
rCold   . . .      Faith    .   (no shield)
rNeg    . . .      Spirit   .   k - +0 ring mail
rPois   .          Reflect  .   (helmet restricted)
rElec   .          Harm     .   (no cloak)
rCorr   .          Rampage  .   (no gloves)
Will    .....                   (no boots)
Stlth   ..........              (no amulet)
HPRegen 0.14/turn               f - ring of magical power
MPRegen 0.13/turn               (no ring)

@: confused
A: horns 2, retaliatory headbutt
a: Renounce Religion, Berserk, Trog's Hand


You were on level 3 of the Dungeon.
You worshipped Trog.
Trog was pleased with you.
You visited 1 branch of the dungeon, and saw 3 of its levels.

You collected 161 gold pieces.

Inventory:

Hand Weapons
 a - a +0 mace (weapon)
Armour
 k - a +0 ring mail (worn)
Jewellery
 f - a ring of magical power (left hand)
Scrolls
 c - 2 scrolls of fog {unknown}
 d - a scroll of immolation {unknown}
 e - a scroll of fear {unknown}
 i - a scroll of silence {unknown}
Potions
 g - a potion of resistance {unknown}
 h - a potion of lignification {unknown}
 j - 2 potions of mutation {unknown}


   Skills:
 + Level 5.0 Fighting
 + Level 5.1 Maces & Flails
 + Level 2.5 Armour
 + Level 2.7 Dodging
 + Level 0.6 Stealth


You had 3 spell levels left.
You didn't know any spells.
Your spell library was empty.

Dungeon Overview and Level Annotations

Branches:
Dungeon (3/15)

Altars:


Innate Abilities, Weirdness & Mutations

You have a pair of horns on your head.
You reflexively headbutt those who attack you in melee.


Message History

You kill the adder!
Trog accepts your kill.
Your Maces & Flails skill increases to level 5!
You hit the adder. You headbutt the adder. You punch the adder.
You kill the adder!
Trog accepts your kill.
You feel sick.
Your Fighting skill increases to level 5!
You hit the orc.
The orc is severely wounded.
You feel sick. The orc hits you but does no damage. The orc barely misses you.
You hit the orc.
You kill the orc!
Trog accepts your kill.
You feel sick. The orc closely misses you.
You feel sick.
The orc hits you from afar with a +0 trident.
The orc hits you with a +0 falchion.
The orc wizard points at you and mumbles some strange words.
You resist with some effort.
You see here a +0 whip.
You feel sick.
You are no longer poisoned.
The orc hits you from afar with a +0 trident.
The orc wizard hits you but does no damage.
The orc hits you with a +0 trident. The orc wizard casts a spell at you.
You resist with some effort. The orc hits you with a +0 falchion.
* * * LOW HITPOINT WARNING * * *
You hit the orc but do no damage. You headbutt the orc, but do no damage.
The orc barely misses you.
The orc wizard gestures at you while chanting.
You are confused.
The orc hits you with a +0 falchion.
* * * LOW HITPOINT WARNING * * *
The orc hits you with a +0 trident.
* * * LOW HITPOINT WARNING * * *
The orc wizard closely misses you. The orc hits you with a +0 trident.
You die...

######## #......#
#.####.# ######## #.#
#.# ......# #.# #.#
#....# #)# #[# ##....#
#.# #.# #.###@oo..#
#.####.#
#......o).####.#..#.##
#..##.##.....#.#......
#.o##.##.....#.#.##.#.
#>................)...
.....................
...#.##.....########.
####.##...[.########.
#. #......#.......


You could see an orc wizard and 2 orcs.

Vanquished Creatures
  6 adders
  3 dart slugs
  2 orcs (D:3)
  8 endoplasms
  2 giant cockroaches
  9 hobgoblins
  2 jackals (D:2)
  4 ball pythons
  2 bats (D:3)
  2 frilled lizards (D:3)
  4 goblins
  5 kobolds
  A rat (D:3)
50 creatures vanquished.

Notes
Turn   | Place    | Note
-------+----------+-------------------------------------------
     0 | D:1      | mrburnz the Minotaur Berserker began the quest for the Orb.
     0 | D:1      | Reached XP level 1. HP: 19/19 MP: 0/0
   310 | D:1      | Reached XP level 2. HP: 27/27 MP: 1/1
   911 | D:2      | Reached XP level 3. HP: 26/34 MP: 2/2
  1064 | D:2      | Reached ** piety under Trog
  1809 | D:3      | Found a faded altar of an unknown god.
  1817 | D:3      | Reached XP level 4. HP: 27/41 MP: 3/3
  2403 | D:3      | Reached skill level 5 in Maces & Flails
  2404 | D:3      | Reached skill level 5 in Fighting
  2410 | D:3      | HP: 2/42 [orc/+0 trident (3)]
  2411 | D:3      | Slain by an orc

Illustrated notes

Levels and vault maps discovered:
D:1:      minmay_arrival_solitary_statue, layout_basic, minmay_misc_feat_tiny
D:2:      layout_basic
D:3:      layout_basic, hellmonk_ecumenical_altar_pennies_from_heaven

Skill      XL: |  1  2  3  4 |
---------------+-------------+-----
Fighting       | 4 5 |  5.0
Maces & Flails | 4 5 |  5.1
Armour         | |  2.5
Dodging        | |  2.7
Stealth        | |  0.6

Action                   |  1- 3 |  4- 6 || total
-------------------------+-------+-------++-------
Melee: Mace              |    63 |    24 ||    87
       Headbutt          |     9 |     6 ||    15
       Punch             |       |     1 ||     1
Armor: Animal skin       |     6 |     4 ||    10
       Ring mail         |       |     6 ||     6
Dodge: Dodged            |    52 |    23 ||    75
